AoeStats
← andre.luizmg

Arena

509268691Analyzed
3v3 RM · 7d ago on Sep 26, 2026· 55m 22s· 6 players
Game mode
Random Map
Map size
Normal (6 player)
Population
200
Speed
Normal
Resources
Standard
Victory
Conquest
Starting age
Dark Age
Ending age
Imperial Age
RankedLock teamsTeams togetherTeam positionsShared explorationLock speedFull tech treeHidden civsTurbo modeCheats
Victory
Defeat
🇺🇸 Turks · United States
1046
+15
🇧🇷 Slavs · Brazil
1031
+15
🇺🇸 Byzantines · United States
1028
+15
🇨🇴 Ethiopians · Colombia
1104
-19
🇻🇪 Persians · Venezuela
1047
-16
🇨🇴 Britons · Colombia
891
-10
luisfriasgomez
10:29 Feudal Age
11:08 Double-Bit Axe
17:56 Castle Age
15:53 Gold Mining
19:09 Bow Saw
19:35 Gold Shaft Mining
18:41 Horse Collar
20:09 Stone Mining
20:56 Wheelbarrow
24:09 Heavy Plow
30:13 Imperial Age
28:12 Fletching
29:02 Ballistics
29:30 Hand Cart
30:27 Stone Shaft Mining
30:05 Crossbowman
30:58 Thumb Ring
31:08 Bodkin Arrow
31:35 Kamandaran
32:09 Conscription
33:08 Chemistry
33:10 Padded Archer Armor
35:01 Two-Man Saw
35:01 Leather Archer Armor
37:22 Masonry
37:44 Ring Archer Armor
44:02 Caravan
LORDEMENTE
10:49 Feudal Age
12:08 Double-Bit Axe
12:22 Horse Collar
12:37 Gold Mining
18:11 Castle Age
16:14 Stone Mining
17:01 Fletching
19:35 Padded Archer Armor
26:18 Bodkin Arrow
26:31 Pikeman
28:49 Wheelbarrow
29:16 Bow Saw
32:02 Imperial Age
29:58 Ballistics
31:06 Leather Archer Armor
32:01 Yeomen
33:33 Elite Longbowman
40:05 Gold Shaft Mining
39:48 Hand Cart
40:38 Chemistry
41:24 Bracer
41:21 Heated Shot
43:03 Ring Archer Armor
45:27 Hoardings
44:59 Treadmill Crane
Descomponido
8:27 Loom
11:33 Feudal Age
15:29 Castle Age
14:10 Double-Bit Axe
14:34 Horse Collar
19:32 Gold Mining
21:13 Wheelbarrow
21:10 Heavy Plow
22:00 Stone Mining
24:12 Scale Mail Armor
26:06 Forging
26:12 Chain Mail Armor
26:51 Bow Saw
26:26 Crossbowman
28:54 Iron Casting
28:10 Fletching
34:23 Imperial Age
33:54 Hand Cart
34:11 Bodkin Arrow
34:17 Padded Archer Armor
34:19 Light Cavalry
34:59 Husbandry
34:37 Arbalester
35:00 Cavalier
44:23 Conscription
45:04 Gold Shaft Mining
49:21 Thumb Ring
acme.xo
11:39 Feudal Age
12:24 Loom
12:59 Double-Bit Axe
16:20 Castle Age
14:29 Horse Collar
15:14 Gold Mining
17:13 Bow Saw
24:45 Wheelbarrow
27:41 Imperial Age
26:07 Caravan
26:29 Padded Archer Armor
26:37 Scale Barding Armor
26:43 Forging
27:39 Leather Archer Armor
28:01 Sanctity
30:10 Bombard Tower
36:31 Hand Cart
36:53 Town Watch
37:52 Chain Barding Armor
38:04 Ring Archer Armor
38:10 Iron Casting
43:39 Murder Holes
44:05 Ballistics
55:52 Plate Barding Armor
56:18 Blast Furnace
Preft
2:47 Loom
11:11 Feudal Age
11:46 Horse Collar
13:47 Double-Bit Axe
16:52 Castle Age
15:01 Gold Mining
16:03 Stone Mining
17:40 Heavy Plow
17:53 Bow Saw
26:54 Gold Shaft Mining
29:56 Imperial Age
30:26 Ballistics
30:09 Padded Archer Armor
29:59 Fletching
30:19 Forging
30:10 Scale Mail Armor
30:49 Wheelbarrow
31:12 Crop Rotation
31:44 Two-Man Saw
31:22 Stone Shaft Mining
31:20 Conscription
30:33 Pikeman
31:14 Squires
32:35 Chemistry
31:38 Elite Skirmisher
31:48 Halberdier
34:16 Leather Archer Armor
35:20 Hand Cart
36:11 Chain Mail Armor
35:52 Bodkin Arrow
36:27 Ring Archer Armor
39:33 Capped Ram
41:43 Siege Ram
43:37 Bracer
44:12 Iron Casting
44:08 Plate Mail Armor
andre.luizmg
11:13 Feudal Age
12:54 Double-Bit Axe
15:29 Castle Age
13:31 Horse Collar
17:09 Wheelbarrow
19:03 Heavy Plow
19:18 Bow Saw
21:26 Man-at-Arms
22:59 Squires
22:55 Gold Mining
22:59 Long Swordsman
24:51 Stone Mining
25:07 Pikeman
25:59 Scale Mail Armor
26:09 Forging
27:22 Chain Mail Armor
27:41 Loom
31:40 Imperial Age
30:44 Iron Casting
30:45 Hand Cart
30:17 Town Watch
33:02 Plate Mail Armor
31:54 Two-Handed Swordsman
32:02 Onager
33:41 Gold Shaft Mining
34:53 Chemistry
33:46 Champion
33:58 Capped Ram
35:15 Druzhina
35:36 Conscription
36:40 Two-Man Saw
36:16 Crop Rotation
35:44 Siege Ram
38:17 Blast Furnace
37:22 Halberdier
42:41 Siege Onager
44:06 Town Patrol
44:21 Detinets
46:44 Elite Boyar
Connection lost

Rejoining the realm…

Still unreachable

The connection could not be restored.

Session expired

The server has moved on; the page needs a fresh start.